 Dungeon Crawl Stone Soup version 0.24.1-14-gf8d2b509d9 (webtiles) character file.

Game seed: 14148237039863461144, levelgen mode: deterministic

12824 Glundar the Blocker (level 11, -44/102 HPs)
             Began as a Minotaur Fighter on May 21, 2020.
             Was the Champion of Okawaru.
             Annihilated by a titanic slime creature (94 damage)
             ... on level 11 of the Dungeon.
             The game lasted 00:49:44 (12571 turns).

Glundar the Blocker (Minotaur Fighter)             Turns: 12571, Time: 00:49:44

Health: -44/102    AC: 17    Str: 33    XL:     11   Next: 67%
Magic:  13/13      EV:  6    Int:  7    God:    Okawaru [******]
Gold:   564        SH: 20    Dex: 13    Spells: 10/10 levels left

rFire    . . .     SeeInvis .   a - +6 spear "Vuw Soab" {speed, rElec Str+4 Int+2}
rCold    . . .     Gourm    +   t - +0 large shield
rNeg     + . .     Faith    .   F - +4 chain mail {rN+}
rPois    .         Spirit   .   (helmet restricted)
rElec    +         Reflect  .   H - +0 cloak {+Inv}
rCorr    .         Harm     .   (no gloves)
MR       .....                  (no boots)
Stlth    ..........             i - amulet of the gourmand
HPRegen  0.27/turn              v - +5 ring of strength
MPRegen  0.13/turn              c - +3 ring of dexterity

@: no status effects
A: retaliatory headbutt, horns 2
a: Heroism, Finesse, Renounce Religion, Evoke Invisibility


You were on level 11 of the Dungeon.
You worshipped Okawaru.
Okawaru was exalted by your worship.
You were full.

You visited 2 branches of the dungeon, and saw 13 of its levels.

You collected 774 gold pieces.
You spent 210 gold pieces at shops.

Inventory:

Hand Weapons
 a - the +6 spear "Vuw Soab" (weapon) {speed, rElec Str+4 Int+2}
   (You found it on level 10 of the Dungeon)

   Attacks with this weapon are significantly faster.
   It affects your strength (+4).
   It affects your intelligence (+2).
   It insulates you from electricity.
 b - a +0 hunting sling
Missiles
 h - 26 poisoned darts (quivered)
 q - 101 sling bullets
Armour
 t - a +0 large shield (worn)
 F - a +4 chain mail of positive energy (worn)
 H - a +0 cloak of invisibility (worn)
Jewellery
 c - a +3 ring of dexterity (right hand)
 i - an amulet of the gourmand (around neck)
 k - an uncursed ring of fire
 v - a +5 ring of strength (left hand)
Wands
 r - a wand of scattershot (5)
 E - a wand of disintegration (15)
 G - a wand of iceblast (7)
Scrolls
 e - 3 scrolls of enchant weapon
 m - a scroll of summoning {unknown}
 n - 2 scrolls of blinking
 p - 7 scrolls of remove curse
 s - a scroll of amnesia {unknown}
 y - 2 scrolls of magic mapping
 A - 2 scrolls of fog
 B - 7 scrolls of teleportation
 C - 6 scrolls of fear
Potions
 d - a potion of might
 g - 3 potions of agility
 j - 5 potions of curing
 o - 2 potions of haste
 u - a potion of brilliance
 w - a potion of mutation
 x - a potion of magic
 z - 2 potions of invisibility
 I - 2 potions of experience
 J - a potion of resistance
 K - 2 potions of berserk rage
Comestibles
 f - 16 rations
 l - 2 chunks of flesh


   Skills:
 + Level 11.0 Fighting
   Level 10.1(10.4) Axes
 + Level 3.3(7.3) Polearms
 + Level 5.5 Slings
 + Level 11.0 Armour
 - Level 0.6 Dodging
 + Level 11.0 Shields
 + Level 4.1 Evocations


You had 10 spell levels left.
You didn't know any spells.
Your spell library contained the following spells:

 Spells                   Type           Power        Failure   Level  Hunger
 Beastly Appendage        Tmut           #.....       100%        1    ##.....
 Confusing Touch          Hex            #.....       100%        1    ##.....
 Corona                   Hex            #......      100%        1    ##.....
 Sandblast                Erth           #.....       100%        1    ##.....
 Ensorcelled Hibernation  Hex/Ice        #.....       100%        2    ###....
 Passwall                 Tmut/Erth      #.......     100%        2    ###....
 Sticks to Snakes         Tmut           #.......     100%        2    ###....
 Confuse                  Hex            #.......     100%        3    ####...
 Dazzling Spray           Conj/Hex       #.....       100%        3    ####...
 Gell's Gravitas          Tloc           #.........   100%        3    ####...
 Spider Form              Tmut/Pois      #.........   100%        3    ####...
 Stone Arrow              Conj/Erth      #.....       100%        3    ####...
 Tukima's Dance           Hex            #.......     100%        3    ####...
 Ice Form                 Ice/Tmut       #.......     100%        4    #####..
 Petrify                  Tmut/Erth      #.......     100%        4    #####..
 Blade Hands              Tmut           #.........   100%        5    ######.
 Lee's Rapid Deconstruct  Erth           #.........   100%        5    ######.
 Metabolic Englaciation   Hex/Ice        #.........   100%        5    ######.
 Yara's Violent Unravell  Hex/Tmut       #.........   100%        5    ######.


Dungeon Overview and Level Annotations

Branches:
Dungeon (12/15)            Temple (1/1) D:4            Lair (0/6) D:9
    Orc (0/2) D:10

Altars:
Ashenzari
Dithmenos
Elyvilon
Fedhas
Gozag
Hepliaklqana
Kikubaaqudgha
Makhleb
Nemelex Xobeh
Okawaru
Qazlal
Trog
Uskayaw
Vehumet
Wu Jian
Xom
Yredelemnul
Zin
The Shining One
Lugonu

Shops:
D:4 ?   D:5 *   D:7 [

Annotations:
D:7 2 transporters


Innate Abilities, Weirdness & Mutations

You reflexively headbutt those who attack you in melee.
You have a pair of horns on your head.


Message History

The slime creature hits you!
You puncture the very large slime creature!
You headbutt the very large slime creature.
The very large slime creature is severely wounded.
The slime creature hits you!
You block the very large slime creature's attack.
You hit the very large slime creature.
The very large slime creature is severely wounded.
Two slime creatures merge to form an enormous slime creature.
You barely miss the enormous slime creature.
The enormous slime creature is heavily wounded.
The slime creature hits you!
Two slime creatures merge to form a titanic slime creature.
There is a stone staircase leading up here.
You climb upwards.
There is a stone staircase leading down here.
You see here a yak skeleton.
The titanic slime creature hits you!!!!
Ouch! That really hurt!
You die...

................# #.##########
................# #...........
...........(....# #....#######
................# #....'......
###'#########...# #....#......
............###.# #....#......
..............#.# #....#######
..............#J######...........
..............#รท@..........>.....
..............#.........######...
..............#.........#....#...
....#########.#.........#....#...
#...#.......#.#.........'....#...
#...#.......#.#####.....#....#...
#...##......'.....#.....######...
#....+....(.#.....#..............
#....#......#.....#..............


You could see a titanic slime creature.

Vanquished Creatures
  Harold (D:7)
  Erica (D:8)
  A two-headed ogre (D:10)
  2 unseen horrors (D:11)
  An ugly thing (D:11)
  Joseph (D:8)
  Maurice (D:8)
  2 kobold demonologists (D:11)
  A troll (D:10)
  A hornet (D:11)
  A slime creature (D:12)
  A meliai zombie (D:11)
  A shadow (D:11)
  8 yaks
  A wyvern (D:10)
  A human (D:9)
  A hungry ghost (D:10)
  A steam dragon (D:10)
  3 wargs (D:9)
  A water moccasin (D:9)
  6 necrophages
  3 orc warriors
  3 ice beasts
  2 black bears
  4 sky beasts
  An eye of draining (D:11)
  A phantom (D:5)
  5 ogres
  2 centaurs
  3 big kobolds
  A bullfrog (D:6)
  A wyvern skeleton (D:10)
  2 scorpions (D:5)
  10 killer bees
  7 howler monkeys
  5 crimson imps
  2 bullfrog zombies
  4 hounds
  10 orc priests
  4 bullfrog skeletons
  3 jellies
  14 orc wizards
  An iguana (D:9)
  Jessica (D:3)
  A centaur skeleton (D:4)
  4 worker ants
  2 hound skeletons (D:9)
  2 howler monkey zombies
  A worker ant zombie (D:5)
  Robin (D:3)
  A howler monkey skeleton (D:7)
  3 gnolls (D:7)
  15 adders
  A shadow imp (D:11)
  5 adder zombies
  3 worms
  3 leopard geckos
  54 orcs
  7 ball pythons
  9 bats
  3 giant cockroaches
  12 goblins
  9 hobgoblins
  11 jackals
  26 kobolds
  4 quokkas
  3 frilled lizards
  A giant cockroach zombie (D:5)
  A leopard gecko skeleton (D:4)
  A leopard gecko zombie (D:6)
  A quokka skeleton (D:6)
  12 rats
  A bush (D:7)
323 creatures vanquished.

Vanquished Creatures (others)
  An orc (D:12)
  A kobold (D:12)
  A bush (D:7)
  3 plants
6 creatures vanquished.

Grand Total: 329 creatures vanquished

Notes
Turn   | Place    | Note
-------+----------+-------------------------------------------
     0 | D:1      | Glundar the Minotaur Fighter began the quest for the Orb.
     0 | D:1      | Reached XP level 1. HP: 19/19 MP: 0/0
   153 | D:1      | Reached XP level 2. HP: 23/27 MP: 1/1
  1092 | D:2      | Found a bloodstained altar of Trog.
  1136 | D:2      | Reached XP level 3. HP: 33/33 MP: 2/2
  1956 | D:3      | Reached XP level 4. HP: 40/40 MP: 3/3
  2244 | D:3      | Noticed Jessica
  2252 | D:3      | Killed Jessica
  2308 | D:3      | Noticed Robin
  2311 | D:3      | Reached XP level 5. HP: 47/47 MP: 4/4
  2317 | D:3      | Killed Robin
  2533 | D:4      | Noticed an ogre
  2540 | D:4      | HP: 2/47 [ogre/+0 giant club (13)]
  3037 | D:4      | Reached skill level 5 in Armour
  3083 | D:4      | Found a glowing golden altar of the Shining One.
  3205 | D:4      | Found a staircase to the Ecumenical Temple.
  3208 | D:4      | Killed an ogre
  3208 | D:4      | Reached skill level 5 in Fighting
  3208 | D:4      | Reached skill level 5 in Shields
  3208 | D:4      | Reached XP level 6. HP: 41/56 MP: 5/5
  3216 | Temple   | Entered the Ecumenical Temple
  3648 | D:4      | Found Tiav's Magic Scroll Shop.
  3658 | D:4      | Bought a scroll of noise for 10 gold pieces
  3658 | D:4      | Bought a scroll of identify for 20 gold pieces
  3658 | D:4      | Bought a scroll of teleportation for 30 gold pieces
  3658 | D:4      | Bought a scroll of fog for 20 gold pieces
  3658 | D:4      | Bought a scroll of random uselessness for 10 gold pieces
  3658 | D:4      | Bought a scroll of remove curse for 30 gold pieces
  3658 | D:4      | Bought 2 scrolls of fear for 70 gold pieces
  3658 | D:4      | Bought a scroll of identify for 20 gold pieces
  3713 | D:5      | Entered Level 5 of the Dungeon
  3775 | D:5      | Found an ancient bone altar of Kikubaaqudgha.
  4013 | D:5      | Found Woxzaoh's Assorted Antiques.
  4049 | D:5      | Noticed a sky beast
  4058 | D:5      | Killed a sky beast
  4058 | D:5      | Reached skill level 5 in Axes
  4058 | D:5      | Reached XP level 7. HP: 34/62 MP: 6/6
  4302 | D:5      | Found a burning altar of Makhleb.
  4302 | D:5      | Found a shimmering altar of Xom.
  4827 | D:5      | Found a hide-covered altar of Uskayaw.
  4955 | D:5      | Reached XP level 8. HP: 71/71 MP: 7/7
  5527 | D:6      | Found an iron altar of Okawaru.
  5584 | D:6      | Became a worshipper of Warmaster Okawaru
  5648 | D:6      | Found a stormy altar of Qazlal.
  6512 | D:7      | Reached * piety under Okawaru
  6622 | D:7      | Found Ymebucauso's Armour Shop.
  6634 | D:7      | Found a transporter.
  6634 | D:7      | Noticed a white ugly thing
  6634 | D:7      | Noticed an ancient zyme
  6636 | D:7      | Found a corrupted altar of Lugonu.
  6637 | D:7      | Noticed a purple ugly thing
  6637 | D:7      | Noticed a white ugly thing
  6638 | D:7      | Noticed a green ugly thing
  6808 | D:7      | Found a transporter.
  7073 | D:7      | Found a blossoming altar of Fedhas.
  7286 | D:7      | Reached XP level 9. HP: 79/81 MP: 8/8
  7416 | D:8      | Noticed Harold
  7443 | D:7      | Killed Harold
  7443 | D:7      | Reached ** piety under Okawaru
  7524 | D:8      | Noticed Joseph
  7928 | D:8      | Killed Joseph
  7928 | D:8      | Reached *** piety under Okawaru
  7971 | D:8      | Noticed Erica
  7981 | D:8      | Killed Erica
  7981 | D:8      | Reached **** piety under Okawaru
  7981 | D:8      | Reached skill level 1 in Slings
  7981 | D:8      | Reached XP level 10. HP: 87/91 MP: 9/9
  7990 | D:8      | Noticed Maurice
  8150 | D:8      | Killed Maurice
  8782 | D:9      | Reached skill level 1 in Evocations
  9109 | D:9      | Reached ***** piety under Okawaru
  9109 | D:9      | Reached skill level 10 in Armour
  9357 | D:9      | Found a staircase to the Lair.
  9406 | D:9      | Reached skill level 10 in Shields
  9431 | D:9      | Reached skill level 10 in Fighting
  9819 | D:10     | Entered Level 10 of the Dungeon
  9876 | D:10     | Received a gift from Okawaru
  9960 | D:10     | Reached skill level 10 in Axes
 10143 | D:10     | Reached XP level 11. HP: 100/100 MP: 12/12
 10281 | D:10     | Noticed a two-headed ogre
 10287 | D:10     | Killed a two-headed ogre
 10406 | D:10     | Got a dazzling spear
 10407 | D:10     | Identified the +6 spear "Vuw Soab" {speed, rElec Str+4
                  | Int+2} (You found it on level 10 of the Dungeon)
 10800 | D:10     | Found a staircase to the Orcish Mines.
 11000 | D:11     | Reached skill level 1 in Polearms
 11272 | D:11     | Paralysed by a hornet for 1 turns
 11346 | D:11     | Killed an unseen horror
 11346 | D:11     | Reached skill level 5 in Slings
 11709 | D:11     | Killed an unseen horror
 11979 | D:11     | Noticed a white ugly thing
 11988 | D:11     | Killed a white ugly thing
 12529 | D:12     | Reached ****** piety under Okawaru
 12529 | D:12     | Received a gift from Okawaru
 12571 | D:11     | Annihilated by a titanic slime creature

Levels and vault maps discovered:
D:1:      erik_arrival_cave_to_civilisation [erik_arrival_cave_to_hall],
          layout_basic, hangedman_decor_clover_reticule, minmay_tall_x
D:2:      layout_basic, lemuel_crystal_altar, first_ration,
          mrwooster_statue_mirror, minmay_close_crescents
D:3:      layout_rooms, uniq_jessica, uniq_robin
D:4:      layout_loops_ring, kennysheep_mini, minmay_temple_entry_mist,
          serial_shops, shop_statue, minmay_pentomino_pile
D:5:      layout_loops_ring, grunt_temple_overflow_champion_of_chaos,
          lemuel_crystal_altar, lemuel_round_altar, kennysheep_diamond,
          roderic_lattice_a
D:6:      layout_basic, old_standard_altar, old_standard_altar
D:7:      gammafunk_corrupted_shrine, layout_basic, serial_shops, shop,
          fedhas_altar_decomposition
D:8:      layout_cave_pools, grunt_temple_overflow_diamond, uniq_harold,
          uniq_joseph, uniq_maurice, uniq_erica
D:9:      layout_basic, erik_lair_orcish_takeover, grunt_pizzeria
D:10:     layout_basic, hiddenorc1_lemuel
D:11:     layout_irregular_city
D:12:     layout_rooms, grunt_ministairs_11, grunt_decor_cap, bh_circular_ruins
Temple:   bh_familiar_temple

Skill      XL: |  1  2  3  4  5  6  7  8  9 10 11 |
---------------+----------------------------------+-----
Armour         | 4 5 6 8 9 10 11 | 11.0
Shields        | 4 5 6 7 9 10 11 | 11.0
Fighting       | 4 5 6 7 9 10 11 | 11.0
Axes           | 3 4 5 6 7 9 10 | 10.1
Slings         | 1 4 5 |  5.5
Evocations     | 2 4 |  4.1
Polearms       | 3 |  3.3
Dodging        | |  0.6

Action                   |  1- 3 |  4- 6 |  7- 9 | 10-12 || total
-------------------------+-------+-------+-------+-------++-------
Melee: War axe           |    97 |   141 |   303 |   265 ||   806
       Headbutt          |    13 |    28 |    76 |   133 ||   250
       Spear             |       |       |       |   264 ||   264
 Fire: Hunting sling     |       |       |     4 |    60 ||    64
Throw: Dart              |       |       |     6 |       ||     6
  Use: Scroll            |       |     8 |     1 |     7 ||    16
       Potion            |       |       |     2 |       ||     2
  Eat: Chunk             |     3 |     9 |    19 |    15 ||    46
Armor: Scale mail        |    63 |     3 |       |       ||    66
       Plate armour      |       |    62 |    63 |       ||   125
       Chain mail        |       |       |    46 |   185 ||   231
Dodge: Dodged            |    42 |    25 |    39 |    58 ||   164
Block: Shield            |    56 |    77 |    42 |       ||   175
       Large shield      |       |       |   211 |   408 ||   619
